 Dungeon Crawl Stone Soup version 0.30.0-17-ge0270778cf (webtiles) character file.

Game seed: 6307314969813535546

6102 cheesebisquit the Frost Mage (level 10, -6/63 HPs)
             Began as a Merfolk Ice Elementalist on May 21, 2023.
             Was a Believer of Vehumet.
             Mangled by a cyan ugly thing (17 damage)
             ... on level 7 of the Dungeon.
             The game lasted 01:07:19 (12993 turns).

cheesebisquit the Frost Mage (MfIE)                Turns: 12993, Time: 01:07:20

Health: -6/63      AC: 16    Str:  9    XL:     10   Next: 88%
Magic:  12/24      EV: 12    Int: 18    God:    Vehumet [**....]
Gold:   89         SH:  0    Dex: 15    Spells: 2/29 levels left

rFire   . . .        I - +3 spear (venom)
rCold   . . .        (no shield)
rNeg    . . .        t - +0 steam dragon scales
rPois   .            f - +0 helmet
rElec   .            l - +0 cloak
rCorr   .            (no gloves)
SInv    .            (no boots)
Will    .....        h - amulet of regeneration
Stlth   ++           G - ring of wizardry
HPRegen 1.10/turn    M - ring of wizardry
MPRegen 0.19/turn

%: wizardry (x2)
@: ice-armoured, freezing walls, hasted, very quick
A: (nimble swimmer 2), mertail
a: Renounce Religion


You were on level 7 of the Dungeon.
You worshipped Vehumet.
Vehumet was pleased with you.
You visited 2 branches of the dungeon, and saw 9 of its levels.

You collected 574 gold pieces.
You spent 485 gold pieces at shops.

Inventory:

Hand Weapons
 d - a +0 sling of flaming
 p - a +0 spear
 w - a +0 halberd
 y - a +0 glaive
 I - a +3 spear of venom (weapon)
 S - a +2 trident of freezing
Missiles
 C - 11 poisoned darts
 D - 6 javelins
 J - 7 boomerangs
Armour
 f - a +0 helmet (worn)
 l - a +0 cloak (worn)
 t - +0 steam dragon scales (worn)
 v - a +1 ring mail of willpower
 T - +0 acid dragon scales
Jewellery
 e - a ring of ice
 h - an amulet of regeneration (around neck)
 B - a ring of fire
 G - a ring of wizardry (left hand)
 L - a ring of see invisible
 M - a ring of wizardry (right hand)
Wands
 b - a wand of roots (33)
 F - a wand of mindburst (12)
 R - a wand of light (8)
Scrolls
 g - a scroll of enchant armour {unknown}
 k - a scroll of silence
 n - a scroll of enchant weapon {unknown}
 o - 2 scrolls of teleportation
 r - a scroll of noise {unknown}
 u - a scroll of poison
 A - a scroll of magic mapping {unknown}
 E - a scroll of vulnerability {unknown}
 H - a scroll of immolation {unknown}
 N - a scroll of blinking
 P - a scroll of summoning
Potions
 a - 2 potions of might
 c - a potion of brilliance
 j - 4 potions of flight
 m - a potion of invisibility
 q - a potion of mutation
 s - 2 potions of curing
 x - 2 potions of magic
 z - 3 potions of attraction
 K - a potion of resistance
 O - a potion of degeneration {unknown}
 Q - a potion of lignification {unknown}


   Skills:
 - Level 2.6 Dodging
 - Level 2.1 Stealth
 - Level 10.0 Spellcasting
 + Level 13.8 Ice Magic


You had 2 spell levels left.
You knew the following spells:

 Your Spells              Type           Power      Damage    Failure   Level
a - Freeze                Ice            100%       1d10      1%          1
b - Frozen Ramparts       Ice            100%       1d16      1%          3
c - Ozocubu's Armour      Ice            56%        N/A       1%          3
d - Summon Ice Beast      Ice/Summ       33%        N/A       1%          4
e - Freezing Cloud        Conj/Ice/Air   12%        6-21      9%          5
f - Metabolic Englaciati  Hex/Ice        16%        N/A       3%          5
g - Simulacrum            Ice/Necr       16%        N/A       19%         6

Your spell library contained the following spells:

 Spells                   Type           Power      Damage    Failure   Level
 Sandblast                Erth           18%        2d7       2%          1
 Shock                    Conj/Air       36%        1d5       2%          1
 Cigotuvi's Dreadful Rot  Necr/Pois/Air  18%        N/A       3%          2
 Lesser Beckoning         Tloc           18%        N/A       3%          2
 Poisonous Vapours        Pois/Air       18%        N/A       3%          2
 Gell's Gravitas          Tloc           9%         N/A       7%          3
 Mephitic Cloud           Conj/Pois/Air  9%         N/A       7%          3
 Summon Guardian Golem    Hex/Summ       9%         N/A       7%          3
 Swiftness                Air            9%         N/A       7%          3
 Teleport Other           Tloc           9%         N/A       7%          3
 Airstrike                Air            4%         2d(1-17)  21%         4
 Dispel Undead            Necr           9%         3d8       21%         4
 Death Channel            Necr           4%         N/A       94%         6
 Orb of Destruction       Conj           4%         9d5       100%        7
 Spellforged Servitor     Conj/Summ      4%         N/A       100%        7


Dungeon Overview and Level Annotations

Branches:
Dungeon (8/15)             Temple (1/1) D:4
   Lair: D:8-11

Altars:
Ashenzari
Cheibriados
Dithmenos
Elyvilon
Fedhas
Gozag
Hepliaklqana
Kikubaaqudgha
Makhleb
Nemelex Xobeh
Okawaru
Qazlal
Ru
Sif Muna
Trog
Uskayaw
Vehumet
Wu Jian
Xom
Yredelemnul
Zin
The Shining One

Shops:
D:3 :*   D:7 ?   D:8 (


Innate Abilities, Weirdness & Mutations

((You are very nimble when in or above water. (Stealth+, EV+, Speed+++)))
Your lower body shifts to a powerful aquatic tail in water.


Message History

You climb upwards.
There is a stone staircase leading down here.
The cyan ugly thing misses you. The cyan ugly thing closely misses you.
The cyan ugly thing attacks as you move away!
The cyan ugly thing headbutts you. The cyan ugly thing shocks you!
There is an open door here.
Casting: Metabolic Englaciation (dangerous; 3% risk of failure)
Confirm with . or Enter, or press ? or * to list all spells.
Casting: Frozen Ramparts (safe; 1% risk of failure)
Press: ? - help, Dir - look around, f - activate An open door.
The walls around you are covered in ice.
The wall freezes the cyan ugly thing.
The cyan ugly thing headbutts you. The cyan ugly thing shocks you!
Casting: Frozen Ramparts (safe; 1% risk of failure)
Confirm with . or Enter, or press ? or * to list all spells.
You don't have enough magic to cast this spell.
You feel yourself speed up.
The wall freezes the cyan ugly thing but does no damage.
The cyan ugly thing headbutts you but does no damage.
Magic courses through your body.
Casting: Frozen Ramparts (safe; 1% risk of failure)
Confirm with . or Enter, or press ? or * to list all spells.
A film of ice covers your body!
The wall freezes the cyan ugly thing!
The cyan ugly thing headbutts you but does no damage.
Casting: Ozocubu's Armour (safe; 1% risk of failure)
Confirm with . or Enter, or press ? or * to list all spells.
A chill wind blows around you.
The wall freezes the cyan ugly thing!
The cyan ugly thing headbutts you. The cyan ugly thing shocks you!
* * * LOW HITPOINT WARNING * * *
You are too injured to fight recklessly!
Casting: Metabolic Englaciation (dangerous; 3% risk of failure)
Press: ? - help, Q - select action, (/) - cycle Dir - look around, f - activate You radiate an aura of cold.
The cyan ugly thing resists.
Your ice beast is unaffected.
The wall freezes the cyan ugly thing.
The cyan ugly thing headbutts you.
* * * LOW HITPOINT WARNING * * *
The cyan ugly thing shocks you!
You die...

...#...# #...#.....#.......#..
...#...# #...#.....#.......#..
...#...# #...#.....#..##..####
...##'## ##..#.....#..#####...
.......# #...#.....#......#...
.......# #...#.....#......#...
.......# #...#..>..#..##..#...
.......# #...#.....#..##..#...
.......# #...@u....#...'..#...
.......# ##.Y#.....##'##..#...
.......# ####.........##'#...
....<..# #................
.......# #................
.......# #......).........
.......# #................
.......##########................
###.............#################


You could see a cyan ugly thing (ally target) and a friendly ice beast
(summoned).

Vanquished Creatures
  Prince Ribbit (D:5)
  4 yaks (D:8)
  Grum (D:8)
  A steam dragon (D:6)
  2 vampire mosquitoes (D:8)
  2 ice beasts (D:6)
  3 orc warriors
  2 ogres
  A wolf (D:8)
  A phantom (D:4)
  A kobold brigand (D:7)
  2 bullfrogs
  A gnoll sergeant (D:6)
  2 scorpions
  2 wights (D:7)
  A howler monkey (D:8)
  2 electric eels (D:6)
  9 hounds
  4 orc priests
  3 gnoll boudas
  6 iguanas
  Natasha (thrice) (D:3)
  4 sleepcaps
  3 orc wizards
  22 gnolls
  13 adders
  2 shadow imps
  A white imp (D:6)
  An ufetubus (D:5)
  3 dart slugs
  16 orcs
  11 endoplasms
  5 giant cockroaches
  32 hobgoblins
  5 jackals
  3 quokkas
  7 ball pythons
  7 bats
  5 frilled lizards
  32 goblins
  12 kobolds
  6 rats
244 creatures vanquished.

Vanquished Creatures (collateral kills)
  A centaur warrior (D:8)
  3 wyverns
  2 yaks (D:8)
  2 water moccasins
  An orc warrior (D:7)
  A wolf (D:8)
  A centaur (D:7)
  A phantom (D:7)
  2 wights (D:7)
  3 white imps
17 creatures vanquished.

Grand Total: 261 creatures vanquished

Notes
Turn   | Place    | Note
-------+----------+-------------------------------------------
     0 | D:1      | cheesebisquit the Merfolk Ice Elementalist began the quest
                  | for the Orb.
     0 | D:1      | Reached XP level 1. HP: 13/13 MP: 3/3
   193 | D:1      | Reached XP level 2. HP: 19/19 MP: 3/5
   877 | D:1      | Reached XP level 3. HP: 24/24 MP: 4/6
  1105 | D:2      | Found a faded altar of an unknown god.
  1116 | D:2      | Reached skill level 5 in Ice Magic
  1260 | D:2      | Learned a level 3 spell: Frozen Ramparts
  1264 | D:2      | Learned a level 3 spell: Ozocubu's Armour
  1747 | D:2      | Reached XP level 4. HP: 30/30 MP: 4/8
  2468 | D:3      | Found Kapn's General Store.
  2494 | D:3      | Bought a potion of curing for 33 gold pieces
  2494 | D:3      | Bought a wand of flame (4) for 30 gold pieces
  2494 | D:3      | Bought a scroll of poison for 44 gold pieces
  2512 | D:3      | Found a white marble altar of Elyvilon.
  2513 | D:3      | Found a glowing golden altar of the Shining One.
  2514 | D:3      | Found a glowing silver altar of Zin.
  2518 | D:3      | Reached XP level 5. HP: 31/35 MP: 6/10
  2632 | D:3      | Became a worshipper of Elyvilon the Healer
  2656 | D:3      | Noticed Natasha
  2666 | D:3      | Killed Natasha
  2725 | D:3      | Noticed Natasha
  2733 | D:3      | Killed Natasha
  2734 | D:3      | Reached skill level 6 in Ice Magic
  2739 | D:3      | Learned a level 4 spell: Summon Ice Beast
  3070 | D:3      | Reached XP level 6. HP: 41/41 MP: 3/12
  3227 | D:3      | Noticed Natasha
  3234 | D:3      | Killed Natasha
  4313 | D:3      | Found Fineedgh's Book Shop.
  4425 | D:4      | Reached skill level 7 in Ice Magic
  4425 | D:4      | Reached XP level 7. HP: 29/46 MP: 7/14
  4480 | D:4      | Found a staircase to the Ecumenical Temple.
  4489 | D:4      | Reached skill level 5 in Spellcasting
  4698 | D:4      | Learned a level 5 spell: Freezing Cloud
  4702 | Temple   | Entered the Ecumenical Temple
  4903 | Temple   | Fell from the grace of Elyvilon
  4903 | Temple   | Became a worshipper of Vehumet
  5745 | D:4      | Found a shimmering blue altar of Sif Muna.
  5984 | D:4      | Reached skill level 8 in Ice Magic
  6071 | D:4      | Reached XP level 8. HP: 52/52 MP: 3/17
  6707 | D:3      | Found Kapn's General Store.
  6804 | D:3      | Found a white marble altar of Elyvilon.
  6806 | D:3      | Found a glowing golden altar of the Shining One.
  6807 | D:3      | Found a glowing silver altar of Zin.
  6854 | D:3      | Found Fineedgh's Book Shop.
  7448 | D:5      | Entered Level 5 of the Dungeon
  7569 | D:5      | Noticed Prince Ribbit
  7587 | D:5      | Killed Prince Ribbit
  7706 | D:5      | Reached * piety under Vehumet
  7706 | D:5      | Offered knowledge of Magic Dart by Vehumet.
  7935 | D:5      | Reached skill level 9 in Ice Magic
  8066 | D:5      | Found a burning altar of Makhleb.
  8069 | D:5      | Noticed a cacodemon
  8891 | D:6      | Reached XP level 9. HP: 57/57 MP: 17/20
  9014 | D:6      | Found an opulent altar of Gozag.
  9050 | D:6      | Found a hazy altar of Hepliaklqana.
  9064 | D:6      | Reached skill level 10 in Ice Magic
  9803 | D:6      | Learned a level 5 spell: Metabolic Englaciation
 10302 | D:7      | Reached skill level 11 in Ice Magic
 10497 | D:7      | Found Lozxe's Magic Scroll Shop.
 10508 | D:7      | Bought a scroll of blinking for 105 gold pieces
 10508 | D:7      | Bought a scroll of identify for 28 gold pieces
 10508 | D:7      | Bought a scroll of identify for 28 gold pieces
 10508 | D:7      | Bought a scroll of identify for 28 gold pieces
 10508 | D:7      | Bought a scroll of summoning for 133 gold pieces
 10520 | D:7      | Offered knowledge of Sandblast by Vehumet.
 10616 | D:7      | Reached ** piety under Vehumet
 11310 | D:7      | Reached XP level 10. HP: 63/63 MP: 14/23
 11988 | D:7      | Found Lozxe's Magic Scroll Shop.
 12332 | D:8      | Found Kirib's Weapon Emporium.
 12334 | D:8      | Noticed Grum
 12338 | D:8      | Reached skill level 12 in Ice Magic
 12346 | D:8      | Reached skill level 10 in Spellcasting
 12346 | D:8      | Killed Grum
 12535 | D:8      | Learned a level 6 spell: Simulacrum
 12542 | D:8      | Bought a +0 sling of flaming for 56 gold pieces
 12874 | D:8      | Noticed a centaur warrior
 12884 | D:8      | Reached skill level 13 in Ice Magic
 12940 | D:8      | Noticed a centaur warrior
 12945 | D:8      | Killed a centaur warrior
 12965 | D:8      | Noticed a cyan ugly thing
 12993 | D:7      | Mangled by a cyan ugly thing

Illustrated notes

Levels and vault maps discovered:
D:1:      minmay_arrival_three_doors, layout_basic
D:2:      minmay_alternating_diamond, layout_rooms, basic_ecumenical_altar
D:3:      minmay_goblin_kobold_castle, layout_rooms, good_gods_mini_temple,
          serial_shops, shop, shop, uniq_natasha
D:4:      wad_lake_hut, layout_basic, mainiacjoe_overflow_surrounded_room,
          minmay_temple_entry_proselytizer
D:5:      layout_rooms, makhleb_altar_promises_db, uniq_prince_ribbit1
D:6:      layout_basic, nicolae_overflow_squiral, portal_sewer_entry_d,
          serial_bayou, serial_bayou_pond_a, serial_bayou_pond_b,
          serial_bayou_lagoon_a, serial_bayou_pond_b
D:7:      layout_gridville, serial_shops, shop
D:8:      minmay_cut_squares, layout_basic, serial_shops, nicolae_stop_n_shop_1,
          uniq_grum
Temple:   regret_index_temple_generic_petals

Skill      XL: |  1  2  3  4  5  6  7  8  9 10 |
---------------+-------------------------------+-----
Ice Magic      | 5 6 7 8 9 11 13 | 13.8
Spellcasting   | 3 4 6 7 9 10 | 10.0
Dodging        | |  2.6
Stealth        | |  2.1

Action                     |  1- 3 |  4- 6 |  7- 9 | 10-12 || total
---------------------------+-------+-------+-------+-------++-------
  Melee: War axe           |     5 |    28 |       |       ||    33
         Halberd           |       |    10 |    19 |       ||    29
         Glaive            |       |       |   103 |       ||   103
         Spear             |       |       |    90 |    29 ||   119
         Punch             |       |       |     1 |       ||     1
  Throw: Boomerang         |       |    73 |     2 |     1 ||    76
         Javelin           |       |       |     3 |       ||     3
   Cast: Freeze            |    57 |    52 |     1 |       ||   110
         Frozen Ramparts   |       |    23 |    65 |    11 ||    99
         Ozocubu's Armour  |       |    15 |    59 |     8 ||    82
         Summon Ice Beast  |       |       |    11 |    10 ||    21
         Metabolic Englaci |       |       |       |    11 ||    11
  Evoke: Wand              |       |       |     6 |       ||     6
    Use: Scroll            |       |     2 |     7 |     1 ||    10
         Potion            |       |     1 |       |     2 ||     3
   Stab: Sleeping          |       |       |     3 |       ||     3
         Distracted        |       |       |       |     2 ||     2
 Armour: Robe              |    12 |    60 |    60 |       ||   132
         Steam dragon scal |       |       |    27 |    19 ||    46
  Dodge: Dodged            |    29 |   114 |   131 |    20 ||   294
